 Dungeon Crawl Stone Soup version 0.22-a0-322-g60b3cfd (webtiles) character file.

69 Kairos the Conjurer (level 4, 0/30 HPs)
             Began as a Human Conjurer on Apr 5, 2018.
             Slain by a vampire bat (1 damage)
             ... on level 2 of the Dungeon.
             The game lasted 00:03:41 (1439 turns).

Kairos the Conjurer (Human Conjurer)                Turns: 1439, Time: 00:03:42

Health: 0/30       AC:  5    Str:  8    XL:     4   Next: 42%
Magic:  1/7        EV: 13    Int: 15    God:
Gold:   103        SH:  0    Dex: 15    Spells: 6/7 levels left

rFire    . . .     SeeInvis .   h - -2 club (curse)
rCold    . . .     Gourm    .   (no shield)
rNeg     . . .     Faith    .   a - +0 robe
rPois    .         Spirit   .   (no helmet)
rElec    .         Reflect  .   (no cloak)
rCorr    .         Harm     .   (no gloves)
MR       .....                  (no boots)
Stlth    ++........             (no amulet)
HPRegen  0.10/turn              f - +3 ring of protection
MPRegen  0.10/turn              (no ring)

@: no status effects
A: no striking features
a: no special abilities


You were on level 2 of the Dungeon.
You were not hungry.

You visited 1 branch of the dungeon, and saw 2 of its levels.

You collected 103 gold pieces.

Inventory:

Hand Weapons
 h - a cursed -2 club (weapon)
 j - a +0 mace
Missiles
 g - 2 javelins (quivered)
Armour
 a - a +0 robe (worn)
Jewellery
 f - a +3 ring of protection (left hand)
Scrolls
 d - 2 scrolls of identify
 e - a scroll of teleportation {unknown}
Potions
 b - 2 potions of ambrosia {unknown}
 k - a potion of mutation {unknown}
Comestibles
 c - a ration


   Skills:
 + Level 0.3 Fighting
 + Level 1.0 Maces & Flails
 + Level 2.6 Dodging
 + Level 2.3 Stealth
 + Level 2.3 Spellcasting
 + Level 4.6 Conjurations


You had 6 spell levels left.
You knew the following spells:

 Your Spells              Type           Power        Failure   Level  Hunger
a - Magic Dart            Conj           ###.         3%          1    #......


Dungeon Overview and Level Annotations

Branches:
Dungeon (2/15)

Altars:
Kikubaaqudgha


Message History

Aim: a vampire bat (moderately damaged)
You throw a javelin. The javelin misses the vampire bat.
The vampire bat bites you but does no damage. x2
The vampire bat bites you.
* * * LOW HITPOINT WARNING * * *
The vampire bat draws strength from your injuries!
The vampire bat bites you but does no damage.
Throwing (i - inventory)
g - 3 javelins (quivered)
Press: ? - help, Shift-Dir - straight line, f/p - vampire bat
Aim: a vampire bat (lightly damaged)
You throw a javelin.
The javelin barely misses the vampire bat.
The vampire bat completely misses you. The vampire bat bites you.
* * * LOW HITPOINT WARNING * * *
The vampire bat draws strength from your injuries!
The vampire bat bites you.
* * * LOW HITPOINT WARNING * * *
The vampire bat draws strength from your injuries!
The vampire bat closely misses you. The vampire bat bites you.
You die...

######## #.......
####### #(######
##(#.#.###### ###.#
#.⌠.#.⌠.#...###.(.#
#.#.#.#.#.#.##.###
#.⌠.#.⌠.#.⌠.#.#
#⌠.⌠.#.#b#.#.#..'.#
#._...#b⌠@#.⌠.#.'.#
#⌠.⌠.#(#.#.#.#..'.#
#...#.⌠.#.⌠.#.⌠.###
##.#.#.#.#.#.#.##
##.⌠.#.⌠.#...##
##.# .###### ##


You could see 2 vampire bats.

Vanquished Creatures
  A vampire bat (D:2)
  An ooze (D:1)
  A leopard gecko (D:1)
  A bat (D:1)
  2 bat skeletons (D:2)
  2 bat zombies (D:2)
  3 goblins (D:1)
  4 hobgoblins
  2 frilled lizards (D:1)
  A kobold (D:2)
  7 rats (D:1)
25 creatures vanquished.

Notes
Turn   | Place    | Note
-------+----------+-------------------------------------------
     0 | D:1      | Kairos the Human Conjurer began the quest for the Orb.
     0 | D:1      | Reached XP level 1. HP: 13/13 MP: 3/3
   186 | D:1      | Reached XP level 2. HP: 9/19 MP: 1/5
   876 | D:2      | Reached XP level 3. HP: 20/24 MP: 1/6
   886 | D:2      | HP: 1/24 [hobgoblin/club (5)]
  1416 | D:2      | Found an ancient bone altar of Kikubaaqudgha.
  1425 | D:2      | Reached skill level 1 in Maces & Flails
  1425 | D:2      | Reached XP level 4. HP: 12/30 MP: 1/7
  1439 | D:2      | HP: 1/30 [vampire bat (1)]
  1439 | D:2      | Slain by a vampire bat

Vault maps used:
D:1:      dpeg_arrival_rooms_c, serial_aquarium, aquarium_bridge_square,
          aquarium_window_2, aquarium_window_fake, aquarium_window_1,
          aquarium_window_1, aquarium_view_2e, aquarium_pool_1
D:2:      kennysheep_vampire_church, nicolae_overflow_crystal_walls,
          overflow_temple_1_default, nicolae_overflow_hidden_temple

Skill      XL: |  1  2  3 |
---------------+----------+-----
Maces & Flails | 1 |  1.0
Fighting       | |  0.3
Dodging        | |  2.6
Stealth        | |  2.3
Spellcasting   | |  2.3
Conjurations   | |  4.6

Action                   |  1- 3 |  4- 6 || total
-------------------------+-------+-------++-------
Melee: Club              |    67 |     6 ||    73
Throw: Javelin           |       |     2 ||     2
 Cast: Magic Dart        |    37 |     3 ||    40
  Use: Scroll            |     2 |       ||     2
 Stab: Sleeping          |     1 |       ||     1
  Eat: Ration            |     1 |       ||     1
Armor: Robe              |    47 |    13 ||    60
Dodge: Dodged            |    89 |    19 ||   108

Table legend:
 A = Spawn XP
 B = Non-spawn XP
 C = Spawn XP percentage of total XP
 D = Spawn monster count
 E = Non-spawn monster count
 F = Spawn count percentage of total count
 G = Total turns spent on level
                    A         B        C        D         E        F      G
               +---------+---------+-------+---------+---------+-------+---------
         Total |       0 |      99 |   0.0 |       0 |      25 |   0.0 |  1439
               +---------+---------+-------+---------+---------+-------+---------
           D:1 |       0 |      27 |   0.0 |       0 |      16 |   0.0 |   860
           D:2 |       0 |      72 |   0.0 |       0 |       9 |   0.0 |   579
               +---------+---------+-------+---------+---------+-------+---------
